 Dungeon Crawl Stone Soup version 0.30-a0-141-g30f27751c5 (webtiles) character file.

Game seed: 12757352231570178295

23 greasedhog the Caller (level 3, -1/20 HPs)
             Began as a Gargoyle Summoner on Sept 25, 2022.
             Slain by a goblin
             ... wielding a +0 dagger
              (3 damage)
             ... on level 2 of the Dungeon.
             The game lasted 00:01:36 (1391 turns).

greasedhog the Caller (Gargoyle Summoner)           Turns: 1391, Time: 00:01:36

Health: -1/20      AC:  5    Str: 11    XL:     3   Next: 0%
Magic:  6/6        EV: 11    Int: 17    God:
Gold:   91         SH:  0    Dex: 10    Spells: 4/7 levels left

rFire   . . .      SeeInvis .    d - +0 short sword
rCold   . . .      Faith    .    (no shield)
rNeg    + . .      Spirit   .    a - +0 robe
rPois   ∞          Reflect  .    (no helmet)
rElec   +          Harm     .    (no cloak)
rCorr   .          Rampage  .    (no gloves)
Will    .....                    (no boots)
Stlth   ++........               (no amulet)
HPRegen 0.06/turn                (no ring)
MPRegen 0.10/turn                (no ring)

@: no status effects
A: sickness immunity, AC +3, negative energy resistance 1, electricity
resistance, torment resistance 1, petrification resistance
a: no special abilities


You were on level 2 of the Dungeon.
You visited 1 branch of the dungeon, and saw 2 of its levels.

You collected 91 gold pieces.

Inventory:

Hand Weapons
 d - a +0 short sword (weapon)
Missiles
 e - a throwing net
Armour
 a - a +0 robe (worn)
Jewellery
 c - a ring of flight
Scrolls
 f - a scroll of brand weapon {unknown}
 g - a scroll of identify {unknown}
 h - a scroll of enchant weapon {unknown}
Potions
 b - 2 potions of magic
 i - a potion of cancellation {unknown}


   Skills:
 + Level 1.0 Fighting
 - Level 1.5 Dodging
 - Level 2.1 Stealth
 * Level 2.5 Spellcasting
 * Level 4.0 Summonings


You had 4 spell levels left.
You knew the following spells:

 Your Spells              Type           Power      Damage    Failure   Level
a - Summon Small Mammal   Summ           60%        N/A       3%          1
b - Call Imp              Summ           15%        N/A       5%          2

Your spell library contained the following spells:

 Spells                   Type           Power      Damage    Failure   Level
 Call Canine Familiar     Summ           15%        N/A       11%         3
 Sting                    Tmut/Pois      8%         1d3       19%         1
 Summon Guardian Golem    Hex/Summ       8%         N/A       24%         3
 Poisonous Vapours        Pois/Air       4%         N/A       28%         2
 Summon Lightning Spire   Summ/Air       8%         N/A       63%         4
 Olgreb's Toxic Radiance  Pois           2%         N/A       88%         4


Dungeon Overview and Level Annotations

Branches:
Dungeon (2/15)

Altars:

Shops:
D:1 [


Innate Abilities, Weirdness & Mutations

You are immune to sickness and miasma.
Your stone body is resilient. (AC +3)
You are immune to poison.
You resist negative energy. (rN+)
You are resistant to electric shocks. (rElec)
You are resistant to unholy torment.
You are immune to petrification.


Message History

i - a white potion An orc wizard comes into view.
It is wielding a +0 dagger.
The orc wizard gestures at you while chanting.
The puff of flame hits you!
An orc wizard comes into view. It is wielding a +0 dagger.
An orc and an orc priest come into view.
The orc priest moves out of view.
Your quokka bites the orc wizard.
The orc wizard hits your quokka with a +0 dagger.
Your quokka closely misses the orc wizard.
The orc wizard hits your quokka with a +0 dagger.
Your quokka closely misses the orc wizard.
Your quokka barely misses the orc wizard.
The orc wizard hits your quokka with a +0 dagger.
Your quokka dies!
Your quokka's corpse disappears in a puff of smoke!
The orc priest mumbles some strange prayers to Beogh against you.
Beogh smites you!
Ouch! That really hurt!
* * * LOW HITPOINT WARNING * * *
The orc wizard casts a spell at you. You resist with significant effort.
The orc priest shouts!
The orc wizard gestures wildly while chanting.
The orc wizard flickers and vanishes!
Deactivating autopickup; reactivate with Ctrl-A.
A goblin comes into view. It is wielding a +0 dagger.
Something tries to affect you, but you resist.
The goblin shouts!
The goblin barely misses you. The goblin attacks as you move away!
The goblin hits you with a +0 dagger.
* * * LOW HITPOINT WARNING * * *
The goblin attacks as you move away! The goblin hits you with a +0 dagger.
* * * LOW HITPOINT WARNING * * *
Something unseen breaks down the door.
The goblin attacks as you move away! The goblin hits you but does no damage.
You closely miss the goblin. The goblin hits you but does no damage.
You barely miss the goblin. The goblin closely misses you.
You barely miss the goblin. The goblin hits you with a +0 dagger.
You die...

...........##'#.##....#.###.
#.##.......##....#....#.# ##
...........##....#....#
#.###......##....#.#.#######
##+######....#.#.# #...
#....#.#.. ...
#.#.##.#####.#######
#.#g##.#####.#......
#.#@##..............
#............#.#####
###......(..........
############.#####
#.............#
#.#########.#.# #.# #.#...
#.# #.# ### #.# #.#


You could see a goblin.

Vanquished Creatures
  2 dart slugs (D:1)
  A bat (D:1)
  An endoplasm (D:1)
  4 goblins (D:1)
  2 hobgoblins (D:1)
  2 kobolds (D:1)
  A ball python (D:1)
  A frilled lizard (D:2)
  3 rats
17 creatures vanquished.

Vanquished Creatures (collateral kills)
  An endoplasm (D:1)
1 creature vanquished.

Grand Total: 18 creatures vanquished

Notes
Turn   | Place    | Note
-------+----------+-------------------------------------------
     0 | D:1      | greasedhog the Gargoyle Summoner began the quest for the
                  | Orb.
     0 | D:1      | Reached XP level 1. HP: 10/10 MP: 3/3
   461 | D:1      | Reached XP level 2. HP: 12/16 MP: 3/5
   467 | D:1      | Learned a level 2 spell: Call Imp
   577 | D:1      | Found Jois Xagex's Armour Shoppe.
   876 | D:1      | Found a faded altar of an unknown god.
  1002 | D:1      | Reached skill level 1 in Fighting
  1306 | D:2      | Reached skill level 4 in Summonings
  1306 | D:2      | Reached XP level 3. HP: 19/20 MP: 6/6
  1391 | D:2      | Slain by a goblin

Illustrated notes

Levels and vault maps discovered:
D:1:      minmay_arrival_hallway, layout_loops_ring,
          shapermc_ecumenical_altar_pompeii, serial_shops,
          nicolae_shop_statue_plus
D:2:      layout_basic, serial_bayou_pond_a

Skill      XL: |  1  2 |
---------------+-------+-----
Fighting       | 1 |  1.0
Summonings     | 4 |  4.0
Dodging        | |  1.5
Stealth        | |  2.1
Spellcasting   | |  2.5

Action                   || total
-------------------------++-------
Melee: Unarmed           ||    46
       Short sword       ||    53
 Cast: Summon Small Mamm ||     6
  Use: Scroll            ||     1
 Stab: Sleeping          ||     1
Armor: Robe              ||    49
Dodge: Dodged            ||    74

Table legend: (Time is in decaauts)
 A = Elapsed time spent in this place.
 B = Non-inter-level travel time spent in this place.
 C = Inter-level travel time spent in this place.
 D = Time resting spent in this place.
 E = Time spent auto-exploring this place.
 F = Levels seen in this place.
 G = Mean time per level.
                   A        B        C        D        E       F      G
               +--------+--------+--------+--------+--------+-----+--------+
         Total |   1390 |   1375 |     15 |      0 |   1117 |   2 |  695.0 |
       Dungeon |   1390 |   1375 |     15 |      0 |   1117 |   2 |  695.0 |
               +--------+--------+--------+--------+--------+-----+--------+

Top non-repeatable levels by time:
     D:1: 1260 daAuts
     D:2: 129 daAuts
